 Dungeon Crawl Stone Soup version 0.17.1-3-g152610e (webtiles) character file.

58000 selwyn the Peltast (level 14, 132/132 HPs)
             Began as a Minotaur Fighter on Apr 13, 2016.
             Was the Champion of Okawaru.
             Got out of the dungeon alive.
             The game lasted 02:38:02 (22401 turns).

selwyn the Peltast (Minotaur Fighter)              Turns: 22401, Time: 02:38:02

Health: 132/132    AC: 31    Str: 24    XL:     14   Next: 47%
Magic:  19/19      EV:  7    Int:  4    God:    Okawaru [******]
Gold:   331        SH: 15    Dex: 12    Spells: 0 memorised, 13 levels left

rFire  . . .     SeeInvis .     a - +6 long sword (flame)
rCold  + . .     Clarity  .     Y - +2 plate armour {rC+}
rNeg   + + .     SustAt   .     c - +1 shield
rPois  +         Gourm    .     (helmet unavailable)
rElec  +         Spirit   .     F - +1 ratskin cloak {rPois rN+ Int-1 Dex-1}
rCorr  .         Warding  .     D - +2 pair of gloves
rMut   .         Stasis   .     W - +2 pair of boots of Ahoitixi {rElec rN+ Regen+ Dex-4}
MR     +....                    U - amulet of faith
Stlth  ..........               y - +5 ring of dexterity
                                l - +3 ring of protection

@: somewhat resistant to hostile enchantments, extremely unstealthy
A: retaliatory headbutt, horns 3
a: Heroism, Finesse, Renounce Religion


You escaped.
You worshipped Okawaru.
Okawaru was exalted by your worship.
You were not hungry.

You visited 4 branches of the dungeon, and saw 22 of its levels.
You also visited: Labyrinth and Ice Cave.

You collected 2639 gold pieces.
You spent 2308 gold pieces at shops.

Inventory:

Hand Weapons
 a - a +6 long sword of flaming (weapon)
 b - a +1 hand crossbow of flaming
 f - a +4 long sword of freezing
 K - a +2 scimitar of holy wrath
Missiles
 k - 38 tomahawks (quivered)
 H - 10 bolts of flame
Armour
 c - a +1 shield (worn)
 z - a +2 chain mail of fire resistance
 B - a +2 cloak
 D - a +2 pair of gloves (worn)
 F - the +1 ratskin cloak (worn) {rPois rN+ Int-1 Dex-1}
   (You acquired it on level 3 of the Lair of Beasts)

   It affects your intelligence (-1).
   It affects your dexterity (-1).
   It protects you from poison.
   It protects you from negative energy.
 W - the +2 pair of boots of Ahoitixi (worn) {rElec rN+ Regen+ Dex-4}
   (Okawaru gifted it to you on level 12 of the Dungeon)

   It affects your dexterity (-4).
   It insulates you from electricity.
   It protects you from negative energy.
   It increases your rate of regeneration.
 Y - a +2 plate armour of cold resistance (worn)
Rods
 A - a +1 rod of destruction (10/10)
   (You found it on level 10 of the Dungeon)
Jewellery
 l - a +3 ring of protection (left hand)
 y - a +5 ring of dexterity (right hand)
 Q - an uncursed ring of see invisible
 S - an uncursed ring of poison resistance
 T - an uncursed amulet of warding
 U - an amulet of faith (around neck)
 Z - an uncursed ring of positive energy
Wands
 n - a wand of lightning (12)
 q - a wand of draining (0)
 s - a wand of enslavement (1)
 t - a wand of cold (5)
 v - a wand of slowing (25)
 J - a wand of digging (9)
 L - a wand of paralysis (9)
Scrolls
 h - 6 scrolls of teleportation
 i - a scroll of blinking
 x - 10 scrolls of remove curse
 E - a scroll of summoning
 G - 3 scrolls of recharging
 I - a scroll of fog
 N - 2 scrolls of magic mapping
 P - a scroll of silence
 R - a scroll of immolation
 V - 2 scrolls of identify
 X - 2 scrolls of holy word
Potions
 d - 2 potions of might
 j - 4 potions of agility
 m - 2 potions of invisibility
 o - 6 potions of curing
 p - 3 potions of resistance
 r - 3 potions of flight
 u - 2 potions of berserk rage
 w - 2 potions of haste
 M - a potion of cancellation
 O - 4 potions of heal wounds
Comestibles
 e - 10 bread rations
 g - 10 meat rations


   Skills:
 + Level 14.0 Fighting
 - Level 14.2 Long Blades
 + Level 5.5 Crossbows
 + Level 13.8 Armour
 - Level 15.0 Shields
 - Level 8.0 Invocations


You had 13 spell levels left.
You didn't know any spells.

Dungeon Overview and Level Annotations

Branches:
Dungeon (13/15)            Temple (1/1) D:4            Lair (4/8) D:8
    Orc (4/4) D:10            Elf (0/3) Orc:4
  Swamp: Lair:3-6    Shoals: Lair:3-6     Snake: Lair:3-6    Spider: Lair:3-6
 Vaults: D:13-14

Altars:
Ashenzari
Cheibriados
Dithmenos
Elyvilon
Fedhas
Gozag
Kikubaaqudgha
Makhleb
Nemelex Xobeh
Okawaru
Qazlal
Ru
Trog
Vehumet
Xom
Zin
The Shining One

Shops:
D:10 [   Orc:2 [   Orc:3 !   Orc:4 ?}(**

Annotations:
D:10 3 runed doors


Innate Abilities, Weirdness & Mutations

You reflexively headbutt those who attack you in melee.
You have a pair of large horns on your head.


Message History

There is an open door here.
A goblin comes into view. It is wielding a dagger.
The goblin shouts!
The goblin hits you but does no damage.
You slash the goblin! You burn the goblin.
You kill the goblin!
You are feeling very hungry.
No target in view!
No target in view!
You see here a dagger.
There is an open door here.
There is an open door here.
You see here 25 stones.
There is a staircase leading out of the dungeon here.
Eat which item? (? for menu, Esc to quit)
That beef jerky was delicious!
Are you sure you want to leave the Dungeon?
This will make you lose the game!
Uppercase [Y]es or [N]o only, please.
Are you sure you want to leave the Dungeon?
This will make you lose the game!
You have escaped!

#.# #### #.######## .(.#
#..##....# ##.#
###.......## #.#
#.......#####
##.######.....#####.####
............#####.#....#
##.#####..#####.....##.#
#.#
######..(@...##.######
##.#
#..#......##........#
...#
#.......####.#.####.#
#### ##....####...#.#
#.# ..#
##'####.#....#.####.#
#.#
#..#.........#)..##.#
#.#
#..(.#######........#
#.# ##.....## #####.####
#.## ##.......##
##......#


There were no monsters in sight!

Vanquished Creatures
  An orc warlord (Orc:2)
  A frost giant (IceCv)
  A stone giant (Orc:4)
  An ettin (Orc:4)
  Snorg (D:12)
  A minotaur (Lab)
  Erolcha (Orc:1)
  An ogre mage (D:10)
  2 hydras
  2 death yaks (IceCv)
  3 orc high priests (Orc:4)
  A skeletal warrior (D:9)
  3 unseen horrors
  4 hill giants
  7 orc sorcerers
  An ugly thing (D:9)
  A wolf spider (D:9)
  5 orc knights
  A black mamba (Lair:3)
  A cyclops (D:11)
  A griffon (Lair:3)
  6 elephants
  3 spiny frogs
  2 ice statues
  A gargoyle (D:11)
  6 komodo dragons
  7 two-headed ogres
  2 trolls
  15 polar bears (IceCv)
  Grinder (D:6)
  A trapdoor spider zombie (D:10)
  14 blink frogs
  42 yaks
  3 wyverns
  3 basilisks
  A hungry ghost (D:9)
  5 wargs
  A mottled dragon (D:11)
  16 wolves
  5 water moccasins
  5 hippogriffs
  A soldier ant (D:10)
  Duvessa (D:7)
  2 porcupines
  A wasp (D:12)
  12 centaurs
  2 sky beasts
  2 phantoms
  An ice beast (D:9)
  23 orc warriors
  A black bear (Lair:1)
  24 ogres
  A necrophage (D:8)
  A crocodile (Lair:2)
  16 giant frogs
  A big kobold (D:7)
  A gnoll sergeant (D:10)
  5 killer bees
  Dowan (D:7)
  A scorpion (D:4)
  7 wights
  7 hounds
  6 crimson imps
  A giant frog zombie (D:6)
  38 orc wizards
  A quasit (D:12)
  Crazy Yiuf (D:7)
  18 orc priests
  A centaur zombie (D:10)
  2 giant frog skeletons
  4 jellies
  9 iguanas
  6 worker ants
  A statue (D:9)
  A killer bee zombie (D:10)
  8 sheep
  A hound zombie (D:6)
  A hound skeleton (D:11)
  16 adders
  30 river rats
  8 gnolls
  12 white imps (Orc:3)
  4 shadow imps
  2 oozes
  An adder skeleton (D:8)
  A worm (D:2)
  6 giant geckos
  145 orcs
  3 ball pythons
  5 bats
  7 giant cockroaches
  2 hobgoblins
  9 kobolds
  4 quokkas
  A giant gecko skeleton (D:4)
  2 giant newts
  9 goblins
  6 jackals
  A quokka skeleton (D:5)
  A quokka zombie (D:8)
  7 rats
  A butterfly (D:5)
  2 plants (D:8)
674 creatures vanquished.

Vanquished Creatures (others)
  A wolf (IceCv)
  An orc (Orc:3)
  3 plants
5 creatures vanquished.

Grand Total: 679 creatures vanquished

Notes
Turn   | Place    | Note
--------------------------------------------------------------
     0 | D:1      | selwyn the Minotaur Fighter began the quest for the Orb.
     0 | D:1      | Reached XP level 1. HP: 19/19 MP: 0/0
   223 | D:1      | Reached skill level 4 in Shields
   399 | D:1      | Reached XP level 2. HP: 26/26 MP: 1/1
   959 | D:2      | Reached skill level 5 in Shields
  1019 | D:2      | Reached XP level 3. HP: 31/31 MP: 2/2
  1069 | D:2      | Found a blossoming altar of Fedhas.
  1307 | D:2      | Found a glowing silver altar of Zin.
  1663 | D:3      | Reached XP level 4. HP: 35/39 MP: 3/3
  1896 | D:3      | Found an opulent altar of Gozag.
  2167 | D:3      | Found a snail-covered altar of Cheibriados.
  2321 | D:4      | Reached skill level 6 in Shields
  2357 | D:4      | Reached XP level 5. HP: 24/45 MP: 4/4
  2536 | D:4      | Noticed an ogre
  2544 | D:4      | Killed an ogre
  2544 | D:4      | Reached skill level 5 in Long Blades
  2544 | D:4      | Reached XP level 6. HP: 49/51 MP: 5/5
  2740 | D:4      | Found a staircase to the Ecumenical Temple.
  2758 | Temple   | Entered the Ecumenical Temple
  2905 | Temple   | Became a worshipper of Warmaster Okawaru
  3044 | D:4      | Reached skill level 7 in Shields
  3111 | D:4      | Found a sparkling altar of Nemelex Xobeh.
  3154 | D:5      | Entered Level 5 of the Dungeon
  3462 | D:5      | Reached XP level 7. HP: 46/60 MP: 6/6
  3629 | D:5      | Found a glowing golden altar of the Shining One.
  3710 | D:5      | Got an iridescent shortbow
  4110 | D:6      | Noticed Grinder
  4119 | D:6      | Killed Grinder
  4119 | D:6      | Reached * piety under Okawaru
  4119 | D:6      | Reached skill level 5 in Fighting
  4233 | D:6      | Reached skill level 5 in Armour
  4233 | D:6      | Reached XP level 8. HP: 68/68 MP: 7/7
  4665 | D:6      | Reached ** piety under Okawaru
  4771 | D:6      | Reached skill level 8 in Long Blades
  4910 | D:7      | Noticed Dowan
  5011 | D:7      | Noticed Duvessa
  5034 | D:7      | Killed Dowan
  5038 | D:7      | Killed Duvessa
  5201 | D:7      | Noticed Crazy Yiuf
  5215 | D:7      | Killed Crazy Yiuf
  5438 | D:7      | Reached skill level 9 in Long Blades
  5937 | D:8      | Reached XP level 9. HP: 67/78 MP: 8/8
  6290 | D:8      | Reached *** piety under Okawaru
  6390 | D:8      | Reached skill level 10 in Long Blades
  6396 | D:8      | Found a staircase to the Lair.
  7246 | D:9      | Found a radiant altar of Vehumet.
  7349 | D:9      | Found a shattered altar of Ashenzari.
  7505 | D:10     | Entered Level 10 of the Dungeon
  7591 | D:10     | Noticed an ogre mage
  7591 | D:10     | Noticed a wolf spider
  7608 | D:9      | Killed a wolf spider
  7635 | D:9      | HP: 4/80 [poisoned by a wolf spider]
  7640 | D:9      | HP: 3/80 [poisoned by a wolf spider]
  7647 | D:9      | HP: 3/80 [poisoned by a wolf spider]
  7655 | D:9      | HP: 3/80 [poisoned by a wolf spider]
  7996 | D:10     | Paralysed by an ogre mage for 3 turns
  8005 | D:10     | Killed an ogre mage
  8005 | D:10     | Reached **** piety under Okawaru
  8005 | D:10     | Reached skill level 11 in Long Blades
  8005 | D:10     | Reached XP level 10. HP: 58/88 MP: 9/9
  8230 | D:11     | Reached skill level 10 in Shields
  8276 | D:11     | Noticed a hill giant
  8287 | D:11     | Killed a hill giant
  8871 | D:10     | Found Jyppaoss's Armour Emporium.
  8884 | D:10     | Noticed a hill giant
  8885 | D:10     | Noticed a cyan ugly thing
  8885 | D:10     | Noticed a skeletal warrior
  8913 | D:9      | Killed a cyan ugly thing
  8913 | D:9      | Reached ***** piety under Okawaru
  8913 | D:9      | Reached skill level 12 in Long Blades
  8929 | D:9      | Killed a skeletal warrior
  9231 | D:10     | Killed a hill giant
  9304 | D:10     | Noticed an unseen horror
  9315 | D:10     | Killed an unseen horror
  9315 | D:10     | Reached XP level 11. HP: 94/97 MP: 10/10
  9426 | D:10     | Found a runed door.
  9440 | D:10     | Found a runed door.
  9486 | D:10     | Found a runed door.
  9514 | D:10     | Found a runed door.
  9700 | D:10     | Received a gift from Okawaru
  9716 | D:10     | Reached skill level 13 in Long Blades
  9793 | D:10     | Found a staircase to the Orcish Mines.
  9989 | D:10     | Noticed an ice statue
 10102 | D:10     | Killed an ice statue
 10234 | D:11     | Noticed a cyclops
 10263 | D:11     | Killed a cyclops
 10263 | D:11     | Reached skill level 1 in Invocations
 10698 | D:11     | Noticed a hill giant
 10710 | D:11     | Noticed a hill giant
 10710 | D:11     | Killed a hill giant
 10723 | D:11     | Killed a hill giant
 10723 | D:11     | Reached skill level 10 in Armour
 10876 | D:11     | Identified a +1 rod of destruction (10/10) (You found it on level 10 of the Dungeon)
 11516 | D:12     | Noticed an unseen horror
 11525 | D:12     | Killed an unseen horror
 11525 | D:12     | Reached skill level 10 in Fighting
 11633 | D:12     | Received a gift from Okawaru
 11642 | D:12     | Got a pair of fine boots {god gift}
 11648 | D:12     | Identified the +2 pair of boots of Ahoitixi {rElec rN+ Regen+ Dex-4} (Okawaru gifted it to you on level 12 of the Dungeon)
 11702 | D:12     | Noticed Snorg
 12373 | D:12     | Noticed an unseen horror
 12389 | D:12     | Killed an unseen horror
 12468 | D:12     | Killed Snorg
 12928 | Orc:1    | Entered Level 1 of the Orcish Mines
 13474 | Orc:1    | Reached XP level 12. HP: 108/108 MP: 10/13
 13522 | Orc:1    | Reached skill level 14 in Long Blades
 13555 | Orc:1    | Noticed Erolcha
 13581 | Orc:1    | Killed Erolcha
 13581 | Orc:1    | Reached ****** piety under Okawaru
 13838 | Orc:2    | Found Zeuskyre's Antique Armour Emporium.
 13853 | Orc:2    | Bought a pair of glowing gloves for 117 gold pieces
 13853 | Orc:2    | Bought an embroidered cloak for 117 gold pieces
 14097 | Orc:3    | Found a frozen archway.
 14150 | Orc:3    | Found Deowyjoo's Distillery.
 14152 | IceCv    | Entered an ice cave
 14307 | IceCv    | Reached skill level 5 in Invocations
 14381 | IceCv    | Received a gift from Okawaru
 14699 | IceCv    | Received a gift from Okawaru
 14743 | IceCv    | Got a scorched falchion {god gift}
 14744 | IceCv    | Identified the +2 falchion of Distraction {drain, +Inv rC- MR+ Stlth+} (Okawaru gifted it to you in an ice cave)
 14782 | IceCv    | Noticed a frost giant
 14793 | IceCv    | Reached XP level 13. HP: 103/117 MP: 16/16
 14850 | IceCv    | Killed a frost giant
 14992 | Orc:3    | Bought a potion of heal wounds for 70 gold pieces
 14992 | Orc:3    | Bought a potion of resistance for 140 gold pieces
 14992 | Orc:3    | Bought a potion of cure mutation for 490 gold pieces
 14992 | Orc:3    | Bought a potion of brilliance for 56 gold pieces
 14992 | Orc:3    | Bought a potion of curing for 42 gold pieces
 14992 | Orc:3    | Bought a potion of haste for 140 gold pieces
 15506 | Orc:3    | Noticed an orc warlord
 15940 | Orc:2    | Killed an orc warlord
 15940 | Orc:2    | Received a gift from Okawaru
 16138 | Orc:4    | Entered Level 4 of the Orcish Mines
 16223 | Orc:4    | Noticed a stone giant
 16253 | Orc:4    | Killed a stone giant
 16382 | Orc:4    | Found Inluneo's Magic Scroll Emporium.
 16382 | Orc:4    | Found Heum's Gadget Emporium.
 16382 | Orc:4    | Found Naremn's Assorted Antiques.
 16384 | Orc:4    | Found Files's Weapon Boutique.
 16387 | Orc:4    | Found Qushuogo's Assorted Antiques.
 16390 | Orc:4    | Found a staircase to the Elven Halls.
 16526 | Orc:4    | Received a gift from Okawaru
 16535 | Orc:4    | Bought a scroll labeled EGAZUBR XOWIO for 26 gold pieces
 16535 | Orc:4    | Bought a potion of heal wounds for 130 gold pieces
 16535 | Orc:4    | Bought a scroll of enchant weapon for 195 gold pieces
 17204 | Orc:4    | Reached skill level 15 in Shields
 17250 | Orc:4    | Received a gift from Okawaru
 17453 | Orc:4    | Bought a scroll of enchant weapon for 150 gold pieces
 17453 | Orc:4    | Bought a potion of heal wounds for 100 gold pieces
 17453 | Orc:4    | Bought a scroll of identify for 40 gold pieces
 17453 | Orc:4    | Bought a scroll of remove curse for 60 gold pieces
 17453 | Orc:4    | Bought a potion of heal wounds for 100 gold pieces
 17469 | Orc:4    | Bought a scroll of remove curse for 30 gold pieces
 17469 | Orc:4    | Bought a scroll of enchant weapon for 75 gold pieces
 17469 | Orc:4    | Bought a scroll of remove curse for 30 gold pieces
 17469 | Orc:4    | Bought a scroll of enchant armour for 75 gold pieces
 17469 | Orc:4    | Bought a scroll of enchant weapon for 75 gold pieces
 17469 | Orc:4    | Bought a scroll of remove curse for 30 gold pieces
 17469 | Orc:4    | Bought a scroll of identify for 20 gold pieces
 17470 | Orc:4    | Gained mutation: You have a pair of large horns on your head. [potion of beneficial mutation]
 17921 | Lair:1   | Entered Level 1 of the Lair of Beasts
 18280 | Lair:1   | Found a shimmering altar of Xom.
 18291 | Lair:1   | Reached skill level 1 in Crossbows
 18565 | Lair:2   | Reached XP level 14. HP: 129/129 MP: 19/19
 19066 | Lair:3   | Received a gift from Okawaru
 19242 | Lair:3   | Received a gift from Okawaru
 19295 | Lair:3   | Identified a scroll of acquirement
 20152 | Lair:4   | Reached skill level 5 in Crossbows
 20163 | Lair:4   | Found a labyrinth entrance.
 20170 | Lair:4   | Received a gift from Okawaru
 20184 | Lab      | Entered a labyrinth
 21704 | Lair:4   | Got a steaming chain mail
 21715 | Lair:4   | Identified the +1 chain mail of Dishonesty {Int+3} (You found it on level 4 of the Lair of Beasts)
 22401 | D:$      | Got out of the dungeon alive.

Action                   |  1- 3 |  4- 6 |  7- 9 | 10-12 | 13-15 || total
-------------------------+-------+-------+-------+-------+-------++-------
Melee: Long sword        |    85 |   155 |   294 |   924 |   855 ||  2313
       Scimitar          |       |       |       |     2 |    13 ||    15
Throw: Tomahawk          |     1 |     9 |     9 |    32 |       ||    51
Invok: Heroism           |       |       |       |     4 |     3 ||     7
Evoke: Wand              |       |     2 |     1 |     1 |     8 ||    12
       Rod               |       |       |       |     3 |       ||     3
  Use: Scroll            |     9 |     3 |     8 |     5 |    17 ||    42
       Potion            |       |     1 |     7 |     5 |     2 ||    15
 Stab: Invisible         |       |       |     1 |       |       ||     1
  Eat: Chunk             |     2 |     6 |     9 |    19 |    13 ||    49
       Pizza             |       |       |     1 |       |     1 ||     2
       Fruit             |       |       |     3 |     3 |       ||     6
       Beef jerky        |       |       |     1 |     1 |     6 ||     8
       Royal jelly       |       |       |       |     1 |     1 ||     2
